 Dungeon Crawl Stone Soup version 0.29-a0-369-gd956c00756 (webtiles) character file.

Game seed: 8919701623903188853

2256 Antichthon the Covered (level 9, -12/55 HPs)
             Began as a Gargoyle Fighter on May 2, 2022.
             Mangled by a two-headed ogre
             ... wielding a +0 giant club
              (15 damage)
             ... on level 6 of the Dungeon.
             The game lasted 00:11:44 (5904 turns).

Antichthon the Covered (Gargoyle Fighter)           Turns: 5904, Time: 00:11:45

Health: -12/55     AC: 26    Str: 23    XL:     9   Next: 37%
Magic:  11/11      EV:  7    Int: 16    God:
Gold:   1008       SH:  5    Dex:  9    Spells: 8/8 levels left

rFire   . . .      SeeInvis +   a - +9 hand axe of the First Deaths {vorpal, rCorr SInv Stlth+}
rCold   + . .      Faith    .   c - +0 buckler
rNeg    + . .      Spirit   .   m - +0 plate armour
rPois   ∞          Reflect  .   j - +0 helmet
rElec   +          Harm     .   y - +0 cloak
rCorr   +          Rampage  .   k - +1 pair of gloves
Will    .....                   i - +0 pair of boots
Stlth   ..........              w - amulet of regeneration
HPRegen 0.98/turn               e - +6 ring of intelligence
MPRegen 0.12/turn               o - ring of protection from cold

@: no status effects
A: sickness immunity, AC +6, negative energy resistance 1, electricity
resistance, torment resistance 1, petrification resistance
a: no special abilities


You were on level 6 of the Dungeon.
You visited 2 branches of the dungeon, and saw 8 of its levels.

You collected 1324 gold pieces.
You spent 316 gold pieces at shops.

Inventory:

Hand Weapons
 a - the +9 hand axe of the First Deaths (weapon) {vorpal, rCorr SInv Stlth+}
   (You bought it in a shop on level 2 of the Dungeon)

   It inflicts extra damage upon your enemies.
   SInv:      It lets you see invisible.
   rCorr:     It protects you from acid and corrosion.
   Stlth:     It makes you more stealthy.
Missiles
 x - a throwing net (quivered)
Armour
 c - a +0 buckler (worn)
 i - a +0 pair of boots (worn)
 j - a +0 helmet (worn)
 k - a +1 pair of gloves (worn)
 m - a +0 plate armour (worn)
 y - a +0 cloak (worn)
Jewellery
 e - a +6 ring of intelligence (left hand)
 o - a ring of protection from cold (right hand)
 w - an amulet of regeneration (around neck)
Wands
 q - a wand of iceblast (6)
Scrolls
 h - a scroll of teleportation
 n - a scroll of amnesia
 p - a scroll of enchant weapon {unknown}
 r - a scroll of vulnerability {unknown}
 s - a scroll of torment {unknown}
 u - 3 scrolls of magic mapping
 v - a scroll of brand weapon {unknown}
 z - a scroll of immolation {unknown}
Potions
 b - 3 potions of magic
 d - 4 potions of might
 f - a potion of heal wounds {unknown}
 g - a potion of curing {unknown}
 l - a potion of attraction {unknown}
 t - 2 potions of flight {unknown}
 A - a potion of lignification {unknown}


   Skills:
 * Level 6.1 Fighting
 * Level 6.5 Maces & Flails
 * Level 7.7 Armour
 * Level 2.8 Dodging
 * Level 5.6 Shields
 * Level 3.9 Invocations


You had 8 spell levels left.
You didn't know any spells.
Your spell library contained the following spells:

 Spells                   Type           Power      Damage    Failure   Level
 Confusing Touch          Hex            0%         N/A       100%        3
 Airstrike                Air            0%         N/A       100%        4
 Summon Lightning Spire   Summ/Air       0%         N/A       100%        4
 Lightning Bolt           Conj/Air       0%         1d11      100%        5
 Yara's Violent Unravell  Hex/Tmut       0%         3d3       100%        5
 Enfeeble                 Hex            0%         N/A       100%        7


Dungeon Overview and Level Annotations

Branches:
Dungeon (7/15)             Temple (1/1) D:6

Altars:
Ashenzari
Cheibriados
Dithmenos
Elyvilon
Fedhas
Gozag
Hepliaklqana
Kikubaaqudgha
Makhleb
Nemelex Xobeh
Okawaru
Qazlal
Sif Muna
Trog
Uskayaw
Vehumet
Wu Jian
Xom
Yredelemnul
Zin

Shops:
D:1 [   D:2 (([?(

Annotations:
D:6 1 runed translucent door, jlumianski's ghost, novice DsFi


Innate Abilities, Weirdness & Mutations

You are immune to sickness and miasma.
Your stone body is resilient. (AC +6)
You are immune to poison.
You resist negative energy. (rN+)
You are resistant to electric shocks. (rElec)
You are resistant to unholy torment.
You are immune to petrification.


Message History

The two-headed ogre is lightly wounded.
You slash the two-headed ogre!
The two-headed ogre is moderately wounded.
The two-headed ogre hits you with a +0 giant club.
You block the two-headed ogre's attack.
You completely miss the two-headed ogre.
The two-headed ogre is moderately wounded.
You block the two-headed ogre's attack.
The two-headed ogre hits you with a +0 giant spiked club!
You hit the two-headed ogre but do no damage.
The two-headed ogre is moderately wounded.
The boulder beetle curls into a ball and begins rolling!
The two-headed ogre hits you with a +0 giant club!
You block the two-headed ogre's attack.
A troll comes into view.
You closely miss the two-headed ogre.
The two-headed ogre is moderately wounded.
You block the two-headed ogre's attack.
The two-headed ogre hits you but does no damage.
You slash the two-headed ogre!
The two-headed ogre is heavily wounded.
You slash the two-headed ogre!
The two-headed ogre is severely wounded.
You block the two-headed ogre's attack.
The two-headed ogre hits you with a +0 giant spiked club!!
* * * LOW HITPOINT WARNING * * *
Unknown command.
Unknown command.
Okay, then.
Okay, then.
Unknown command.
The two-headed ogre attacks as you move away!
You block the two-headed ogre's attack.
The two-headed ogre hits you with a +0 giant spiked club!
* * * LOW HITPOINT WARNING * * *
The kobold demonologist casts a spell.
There is an open door here.
The two-headed ogre attacks as you move away!
The two-headed ogre hits you with a +0 giant club!
You die...

##.[.####...##
#........##
#.### ##'##
#.#.#.#### #.#
#.# #.#.#.#
#.# ######
#.....# #.#
#>...# ###.###
#.# #....# #.#
#.# #....# #.#
#.# #....# #.#
##########@#
###
#8)..#.)O.#
#....#..W†#
#....#C...#
#..4sT....#
#..SB######
#...K# #....#
#....#


You could see a boulder beetle, a two-headed ogre, a cyclops, a kobold
demonologist, a troll, a wraith, a scorpion and an adder.

Vanquished Creatures
  A steam dragon (D:6)
  Edmund (D:5)
  2 water moccasins
  An orc warrior (D:6)
  3 ice beasts (D:6)
  2 black bears
  3 ogres
  A phantom (D:6)
  2 kobold brigands
  A gnoll sergeant (D:5)
  2 necrophages (D:6)
  2 jellies (D:6)
  6 hounds
  2 orc priests
  2 iguanas (D:6)
  An orc wizard (D:6)
  5 adders
  7 gnolls
  A white imp (D:6)
  2 ufetubi
  4 dart slugs
  10 orcs
  2 bats
  8 endoplasms
  A giant cockroach (D:2)
  4 goblins
  13 hobgoblins
  12 jackals
  5 quokkas
  3 ball pythons
  3 frilled lizards
  10 kobolds
  6 rats
128 creatures vanquished.

Vanquished Creatures (others)
  A plant (D:5)
1 creature vanquished.

Grand Total: 129 creatures vanquished

Notes
Turn   | Place    | Note
-------+----------+-------------------------------------------
     0 | D:1      | Antichthon the Gargoyle Fighter began the quest for the
                  | Orb.
     0 | D:1      | Reached XP level 1. HP: 14/14 MP: 1/1
   107 | D:1      | Found Ren Kion's Antique Armour Emporium.
   126 | D:1      | Reached XP level 2. HP: 19/19 MP: 2/2
   292 | D:1      | Reached XP level 3. HP: 24/24 MP: 3/3
   882 | D:2      | Reached XP level 4. HP: 29/29 MP: 4/4
  1036 | D:2      | Found Daontuma's Weapon Emporium.
  1081 | D:2      | Found Tehaevus's Antique Weapon Shoppe.
  1081 | D:2      | Found Vocwios's Armour Shop.
  1088 | D:2      | Bought a +0 pair of boots for 58 gold pieces
  1095 | D:2      | Bought a +0 helmet for 58 gold pieces
  1104 | D:2      | Found Soitememom's Magic Scroll Boutique.
  1159 | D:2      | Found Gash's Antique Weapon Shop.
  1216 | D:3      | Noticed a black bear
  1232 | D:2      | Killed a black bear
  1233 | D:2      | Reached skill level 4 in Armour
  1233 | D:2      | Reached skill level 1 in Invocations
  1233 | D:2      | Reached XP level 5. HP: 18/33 MP: 5/5
  1653 | D:3      | Reached skill level 1 in Dodging
  2081 | D:3      | Found a sparkling altar of Nemelex Xobeh.
  2105 | D:3      | Found a shimmering blue altar of Sif Muna.
  2110 | D:3      | Found a shimmering altar of Xom.
  2113 | D:3      | Found a stormy altar of Qazlal.
  2122 | D:3      | Found a hazy altar of Hepliaklqana.
  2648 | D:4      | Reached XP level 6. HP: 38/38 MP: 7/7
  2855 | D:4      | Identified a scroll of acquirement
  2855 | D:4      | Acquired 878 gold pieces
  3225 | D:5      | Entered Level 5 of the Dungeon
  3319 | D:2      | Bought a jewelled hand axe for 200 gold pieces
  3319 | D:2      | Identified the +9 hand axe of the First Deaths {vorpal,
                  | rCorr SInv Stlth+} (You bought it in a shop on level 2 of
                  | the Dungeon)
  3636 | D:5      | Reached XP level 7. HP: 43/43 MP: 8/8
  3643 | D:5      | Noticed Edmund
  3650 | D:5      | Killed Edmund
  3651 | D:5      | Reached skill level 5 in Maces & Flails
  3869 | D:5      | Reached skill level 5 in Armour
  3987 | D:5      | Found a blossoming altar of Fedhas.
  4077 | D:5      | Reached XP level 8. HP: 48/48 MP: 9/9
  4350 | D:6      | Reached skill level 5 in Fighting
  4350 | D:6      | Reached skill level 6 in Armour
  4571 | D:6      | Reached skill level 5 in Shields
  4827 | D:6      | Found a staircase to the Ecumenical Temple.
  4860 | Temple   | Entered the Ecumenical Temple
  5069 | D:6      | Found a runed translucent door.
  5071 | D:6      | Noticed jlumianski's ghost (novice DsFi)
  5186 | D:7      | Reached XP level 9. HP: 51/54 MP: 11/11
  5373 | D:7      | Reached skill level 7 in Armour
  5866 | D:6      | Noticed a cyclops
  5866 | D:6      | Noticed a boulder beetle
  5872 | D:6      | Noticed a two-headed ogre
  5891 | D:6      | Noticed a kobold demonologist
  5892 | D:6      | Noticed a red devil
  5896 | D:6      | Noticed a troll
  5901 | D:6      | HP: 1/55 [two-headed ogre/+0 giant club (9)]
  5904 | D:6      | Mangled by a two-headed ogre

Illustrated notes

Levels and vault maps discovered:
D:1:      giann_wishing_wells, layout_basic, serial_shops, shop_statue
D:2:      layout_rooms, serial_shops, shop, nicolae_square_shop, shop, shop,
          nicolae_shop_waterfront
D:3:      layout_basic, nicolae_overflow_quartered_altars,
          mainiacjoe_overflow_six_doors_small, hangedman_decor_push,
          wander_ebering_terrifying_dragon_lair
D:4:      layout_basic, hex_tiny
D:5:      layout_cave_pools, fedhas_ov_isle_minmay, uniq_edmund
D:6:      minmay_klotski, layout_loops_corners, minmay_temple_entry_crystal_x,
          ebering_ghost_sewer_d
D:7:      layout_loops_ring, kennysheep_crisscross
Temple:   nicolae_temple_great_sept

Skill      XL: |  1  2  3  4  5  6  7  8  9 |
---------------+----------------------------+-----
Fighting       | 4 5 6 |  6.1
Maces & Flails | 3 4 5 6 |  6.5
Armour         | 4 5 6 7 |  7.7
Invocations    | 1 2 3 |  3.9
Dodging        | 1 2 |  2.8
Shields        | 4 5 |  5.6

Action                   |  1- 3 |  4- 6 |  7- 9 || total
-------------------------+-------+-------+-------++-------
Melee: Flail             |    84 |   155 |       ||   239
       Hand axe          |       |     6 |   168 ||   174
  Use: Scroll            |     1 |     5 |     1 ||     7
Armor: Scale mail        |    43 |       |       ||    43
       Chain mail        |     3 |    77 |       ||    80
       Plate armour      |       |    35 |   122 ||   157
Dodge: Dodged            |    53 |    77 |    48 ||   178
Block: Buckler           |    18 |    32 |    37 ||    87

Table legend: (Time is in decaauts)
 A = Elapsed time spent in this place.
 B = Non-inter-level travel time spent in this place.
 C = Inter-level travel time spent in this place.
 D = Time resting spent in this place.
 E = Time spent auto-exploring this place.
 F = Levels seen in this place.
 G = Mean time per level.
                   A        B        C        D        E       F      G
               +--------+--------+--------+--------+--------+-----+--------+
         Total |   6006 |   5660 |    346 |    155 |   4244 |   8 |  750.8 |
       Dungeon |   5918 |   5574 |    344 |    155 |   4182 |   7 |  845.4 |
        Temple |     87 |     85 |      2 |      0 |     62 |   1 |   87.0 |
               +--------+--------+--------+--------+--------+-----+--------+

Top non-repeatable levels by time:
     D:3: 1297 daAuts
     D:6: 931 daAuts
     D:4: 793 daAuts
     D:1: 783 daAuts
     D:2: 736 daAuts
     D:5: 729 daAuts
     D:7: 646 daAuts
  Temple: 87 daAuts
